Yev-Ruu, chaotic female vampiric Convict 0 1 1 1 10 ---------- a@@11#1@@@......| % |11......| --------------- #1#0## 1....(..| |......|......| # --------- |......|......| # --------------- -#############- # |.......#.....| |.............| # |.......#.....| |.............| # # |.......#.....| |...%.........| # # |.......-.....| |..%.%........| # # |.......#...<.| |%%...........-############# # ##-.......#.....| |#.%..........| #####################%########### |.......#.....| --------------- --------------- Yev-Ruu the Prisoner Experience level: 11 Strength: 25 Dexterity: 12 Constitution: 20 Intelligence: 11 Wisdom: 10 Charisma: 7 Health: 0(117) Energy: 8(8) AC: -2 Gold: 0 Moves: 12744 Your Inventory: Armor b - a blessed +1 striped shirt (being worn) w - an [uncursed] very corroded +0 pair of gauntlets of power (being worn) F - an [uncursed +0] pair of padded gloves [leather] G - an [uncursed] +0 dwarvish mithril-coat (being worn) J - an [uncursed] +0 blue and green shield [elven] (being worn) K - an uncursed +0 leather hat [elven leather helm] (being worn) P - a [blessed +1] pair of padded gloves [of drain resistance (leather)] V - an uncursed thoroughly rusty very corroded +0 pair of hard shoes [of warning] named Warning [iron] (being worn) W - an [uncursed] +0 elven cloak (being worn) Rings q - an uncursed ring of searching Wands l - an uncursed wand of striking [0:1] s - an uncursed wand called Tele [of teleportation (0:3)] A - an uncursed wand of digging [0:2] E - an [uncursed] wand of fire [0:5] I - an uncursed wand of fire [0:4] O - an [uncursed] wand of create monster [0:9] X - a cursed wand of light [0:12] Tools a - an uncursed [+0] unicorn horn f - an uncursed bag called Portal to the elemental plane of TEETH [of holding] r - an uncursed bag called Reggie [oilskin sack] t - an uncursed [magic] lamp called Mejic z - an uncursed looking glass [mirror] B - an uncursed skeleton key Gems C - an uncursed stone called Flintluck [flint] Iron balls c - an uncursed thoroughly rusty thoroughly corroded heavy iron ball (chained to you) (weapon in hand) Contents of the bag of holding: an [uncursed] scroll labeled LEP GEX VEN ZEA [of stinking cloud] Spells known in the end: Name Level Category Fail Memory a - teleport away 6 escape 100% [|||||...] Your skills at the end: Fighting Skills body armor [Skilled / Skilled] Weapon Skills flail [Expert / Expert] sling [Basic / Skilled] Spellcasting Skills Final Attributes: You were piously aligned. Hunger level was 486. Your alignment was 73 / 73. Monster difficulty range was 2 - 13. Level difficulty was 15. You were immune to poison. You were immune to level-drain. You were immune to sickness. You were punished. You saw invisible. You were warned. You were stealthy. You could fly. You could survive without air. You regenerated. Your luck was zero. You are dead. Vanquished creatures: a skeleton 4 prison guards an inmate 7 black puddings 3 ghosts a giant mimic a flesh golem an Elvenking a large mimic 2 wumpuses a long worm 2 couatls a stalker a black naga 2 sergeants a small mimic a warhorse 2 xans an ettin mummy a quantum mechanic a wood golem a gelatinous cube a large dog a flaming sphere 3 large cats 3 tigers a gargoyle 2 tengu an energy vortex an elf mummy 2 pit vipers 2 Grey-elves 9 soldiers a succubus 2 incubi 2 chameleons a crocodile 12 giant beetles a cockatrice 10 wolves a winter wolf cub a lynx 10 leprechauns 7 giant spiders a scorpion a black light a vampire bat a forest centaur a gnome king 2 dwarf mummies an ogre 2 rust monsters 2 owlbears 2 yetis a lizard a dog 2 housecats a jaguar a dwarf lord a gray unicorn 2 dust vortices a raven 3 plains centaurs a Kop Kaptain 2 snakes a human zombie a rope golem a Woodland-elf 6 soldier ants 3 fire ants 5 bugbears a water nymph 3 orc shamans 5 rock piercers 5 enormous rats a rock mole 2 ponies 3 fog clouds 3 shriekers 6 gnome lords a gnomish wizard 3 Kop Lieutenants a kobold mummy a gray ooze 2 barrow wights 3 ghouls 2 paper golems a baby crocodile 14 giant ants a floating eye a kitten 10 dwarves 2 kobold shamans 12 hill orcs 2 rothes a rabid rat a giant bat 2 Kop Sergeants a dwarf zombie a wererat a werejackal 6 iguanas 11 killer bees an acid blob 3 coyotes 5 hobbits 2 large kobolds 12 hobgoblins 5 giant rats 7 cave spiders 3 yellow molds 2 green molds a red mold 43 gnomes 5 Keystone Kops a gnome zombie 12 geckos 2 jackals a fox a kobold 2 goblins 8 sewer rats 13 grid bugs a bat 7 lichens 6 kobold zombies 4 newts 414 creatures vanquished. Voluntary challenges: You went without food. You never hit with a wielded weapon. You read items or engraved 8 times. You put on armor 21 times. You never genocided any monsters. You never polymorphed an object. You never changed form. You used no wishes. You abstained from Elbereth's help. You never encountered a bones level. You never used any Sokoban shortcuts. Dungeon overview: The Dungeons of Doom: levels 1 to 16 Level 1 a long staircase Level 2 an altar Level 3 stairs to The Gnomish Mines Level 5 many fountains, a sink Level 6 a fountain, a sink Level 7 many fountains Level 8 a fountain stairs to Sokoban Level 9 stairs to Town Level 11 a fountain Level 13 (EVERYTHING IS POLYTRAPS) a fountain, a throne portal to The Quest Level 14 a fountain Level 16 a fountain The Gnomish Mines: levels 4 to 7 Level 4 stairs to The Dungeons of Doom Level 7 a fountain The Quest: levels 1 to 3 Level 1 an altar to Tymora, a magic chest, a sink portal to The Dungeons of Doom Level 3 <- You were here a sink Sokoban: Level 7 a magic chest stairs to The Dungeons of Doom Town: Level 8 stairs to The Dungeons of Doom History has recorded: On T:1 you entered the Dungeons of Doom to retrieve the Amulet of Yendor! On T:332 you advanced to experience level 2. On T:387 you reached level 2 of The Dungeons of Doom. On T:736 you advanced to experience level 3. On T:1007 you advanced to experience level 4. On T:1167 you reached level 3 of The Dungeons of Doom. On T:1536 you advanced to experience level 5. On T:1637 you reached level 4 of The Dungeons of Doom. On T:2020 you reached level 5 of The Dungeons of Doom. On T:2139 you advanced to experience level 6. On T:2525 you advanced to experience level 7. On T:2816 you reached level 6 of The Dungeons of Doom. On T:2989 you advanced to experience level 8. On T:3154 you reached level 7 of The Dungeons of Doom. On T:3661 you reached level 1 of The Gnomish Mines. On T:4402 you reached level 2 of The Gnomish Mines. On T:4415 you advanced to experience level 9. On T:4673 you reached level 3 of The Gnomish Mines. On T:5060 you reached level 4 of The Gnomish Mines. On T:6306 you reached level 8 of The Dungeons of Doom. On T:7004 you reached level 3 of Sokoban. On T:7040 you reached level 9 of The Dungeons of Doom. On T:7060 you advanced to experience level 10. On T:7470 you reached level 3 of Town. On T:7773 you reached level 10 of The Dungeons of Doom. On T:8162 you reached level 11 of The Dungeons of Doom. On T:8801 you reached level 12 of The Dungeons of Doom. On T:9889 you advanced to experience level 11. On T:9938 you reached level 13 of The Dungeons of Doom. On T:10025 you reached level 16 of The Dungeons of Doom. On T:10109 you reached level 15 of The Dungeons of Doom. On T:10172 you reached level 14 of The Dungeons of Doom. On T:11228 you reached level 1 of The Quest. On T:11748 you embarked upon an epic quest. On T:12168 you reached level 2 of The Quest. On T:12444 you reached level 3 of The Quest. Latest messages: You hear some noises in the distance. [HP-8=47] You kill the giant rat! The sergeant swings her mace. The sergeant hits! The sergeant throws a knife! The knife hits the sergeant. The sergeant picks up a knife. [HP-9=38] You hit the wolf! You bite the wolf. The giant beetle bites! The wolf bites! The sergeant swings her mace. The sergeant hits! The sergeant swings her mace at the soldier. The sergeant hits the soldier. [HP-24=14] You hit the wolf! You bite the wolf. You kill the wolf! The sergeant swings her mace. The sergeant hits! You die... The oilskin sack is empty. Final status: Goodbye Yev-Ruu the Convict... You died in The Quest on dungeon level 3 with 44898 points, and 0 pieces of gold, after 12744 moves. You were level 11 with a maximum of 117 hit points when you died.